 Dungeon Crawl Stone Soup version 0.28-a0-1174-g766a6a42ef (webtiles) character file.

Game seed: 10630388893798226458

186 yoda5477 the Ducker (level 5, -2/39 HPs)
             Began as a Demonspawn Transmuter on Dec 16, 2021.
             Succumbed to a kobold brigand's poison
             ... on level 4 of the Dungeon.
             The game lasted 00:20:27 (3859 turns).

yoda5477 the Ducker (Demonspawn Transmuter)         Turns: 3859, Time: 00:20:27

Health: -2/39      AC:  3    Str: 12    XL:     5   Next: 38%
Magic:  8/8        EV: 12    Int: 16    God:
Gold:   139        SH:  3    Dex: 14    Spells: 2/8 levels left

rFire   . . .      SeeInvis .   e - +0 dagger
rCold   . . .      Faith    .   m - +0 buckler
rNeg    . . .      Spirit   .   a - +0 robe
rPois   .          Reflect  .   (helmet currently unavailable)
rElec   .          Harm     .   g - +0 cloak
rCorr   .          Rampage  .   (no gloves)
Will    .....                   (boots currently unavailable)
Stlth   ++........              (no amulet)
HPRegen 0.13/turn               (no ring)
MPRegen 0.22/turn               (no ring)

@: lethally poisoned (-2 -> -14), appendages (expiring), invisible
A: horns 2, talons 2, hooves 2, magic regeneration, big brain 1
a: End Transformation


You were on level 4 of the Dungeon.
You had temporarily grown beastly horns and talons.
You visited 1 branch of the dungeon, and saw 4 of its levels.

You collected 139 gold pieces.

Inventory:

Hand Weapons
 d - a +0 club
 e - a +0 dagger (weapon)
 j - a +0 whip
 k - a +0 mace
Missiles
 b - 229 stones (quivered)
 h - 33 sling bullets
 n - 28 arrows
Armour
 a - a +0 robe (worn)
 g - a +0 cloak (worn)
 m - a +0 buckler (worn)
 u - a +0 ring mail
Jewellery
 v - a +4 ring of protection
Scrolls
 c - 2 scrolls of amnesia
 f - a scroll of identify
 l - a scroll of enchant weapon {unknown}
 p - a scroll of vulnerability {unknown}
Potions
 i - 2 potions of might
 o - a potion of curing {unknown}
 q - a potion of invisibility
 r - a potion of resistance {unknown}
 s - a potion of brilliance {unknown}
 t - a potion of flight {unknown}


   Skills:
 + Level 2.4 Fighting
 * Level 2.0 Short Blades
 + Level 2.7 Dodging
 - Level 2.0 Stealth
 - Level 2.6 Unarmed Combat
 - Level 2.0 Spellcasting
 + Level 2.6 Transmutations


You had 2 spell levels left.
You knew the following spells:

 Your Spells              Type           Power      Damage    Failure   Level
a - Beastly Appendage     Tmut           20%        N/A       12%         1
b - Wereblood             Tmut           10%        N/A       17%         2
c - Swiftness             Air            1%         N/A       71%         3

Your spell library contained the following spells:

 Spells                   Type           Power      Damage    Failure   Level
 Apportation              Tloc           2%         N/A       34%         1
 Shock                    Conj/Air       4%         1d3       34%         1
 Spider Form              Tmut/Pois      5%         N/A       52%         3
 Ice Form                 Ice/Tmut       5%         N/A       89%         4
 Airstrike                Air            0%         N/A       98%         4
 Alistair's Intoxication  Tmut/Pois      3%         N/A       99%         5


Dungeon Overview and Level Annotations

Branches:
Dungeon (4/15)
 Temple: D:4-7

Altars:
Dithmenos
Elyvilon
Xom

Shops:
D:1 =   D:3 *

Annotations:
D:2 exclusion: downstairs
D:3 3 runed translucent doors, exclusion: centaur, Crownlay's ghost, weakling GnIE; ma3's ghost, amateur BaAM; soulesssniper's ghost, amateur DrFE; vurker's ghost, amateur FeAE
D:4 Edmund


Innate Abilities, Weirdness & Mutations

You have temporarily grown beastly horns and talons.
You have hoof-like feet.
You regenerate magic rapidly.
You have an unusually large brain. (Int +2)


Message History

The kobold shouts!
You claw the kobold brigand, but do no damage.
You hit the kobold brigand but do no damage.
The kobold barely misses you.
The kobold brigand hits you with a +0 short sword!
The kobold throws a stone.
The stone hits you but does no damage.
The kobold brigand hits you with a +0 short sword!
The kobold brigand throws a poisoned dart.
The poisoned dart hits you!
You are poisoned.
You feel very sick.
The kobold throws a stone.
The stone closely misses you.
You feel sick.
You feel sick.
You feel sick.
You feel sick.
Your transformation is almost over.
You feel sick.
You feel sick.
There is an open door here.
You feel sick.
The kobold throws a stone.
The stone barely misses you.
You feel sick.
You are no longer poisoned.
The kobold throws a stone.
The stone hits you.
* * * LOW HITPOINT WARNING * * *
The kobold brigand throws a poisoned dart.
The poisoned dart hits you!
You are lethally poisoned!
* * * LOW HITPOINT WARNING * * *
You feel very sick.
* * * LOW HITPOINT WARNING * * *
You feel sick.
The kobold brigand throws a poisoned dart.
The poisoned dart hits you!
You are more poisoned.
* * * LOW HITPOINT WARNING * * *
You feel very sick.
It was a potion of invisibility.
You fade into invisibility!
You die...

.........................
...##....#.........#....#
...........#.....#KK.......#.....
...........#.....'.........#....#
...........#.....#.........#....'
.^.........#.....#.........#....#
......>....#.....#.........#....#
...........#...###.........#'##.#
###.....# #.....@....#######....#
..#.....#...#.#......'.....#.....
..#.....#............#.....#.....
..#.....#...#.#......#.....#.....
..#.....#............#.....#....#
..#.....#......).....#....##...##
..#.....########.....####'##...#.
..'.....'......#.....#.....#...#.
..#..)..#......#.....#.....#...#.


There were no monsters in sight!

Vanquished Creatures
  A necrophage (D:4)
  A hound skeleton (D:4)
  An adder (D:4)
  A worm (D:4)
  A dart slug (D:2)
  8 ball pythons
  5 endoplasms
  2 giant cockroaches
  6 goblins
  3 hobgoblins
  4 jackals (D:1)
  A quokka (D:3)
  9 bats
  6 frilled lizards
  13 kobolds
  7 rats
69 creatures vanquished.

Notes
Turn   | Place    | Note
-------+----------+-------------------------------------------
     0 | D:1      | yoda5477 the Demonspawn Transmuter began the quest for the
                  | Orb.
     0 | D:1      | Reached XP level 1. HP: 15/15 MP: 3/3
   266 | D:1      | Lost mutation: You have razor-sharp toenails. [demonic
                  | ancestry]
   266 | D:1      | Lost mutation: You have sharp toenails. [demonic ancestry]
   266 | D:1      | Gained mutation: You have large cloven feet. [demonic
                  | ancestry]
   266 | D:1      | Reached XP level 2. HP: 21/21 MP: 3/5
   302 | D:1      | Reached skill level 1 in Stealth
   486 | D:1      | Found Highufig's Jewellery Shop.
  1052 | D:1      | Gained mutation: You regenerate magic rapidly. [demonic
                  | ancestry]
  1052 | D:1      | Reached XP level 3. HP: 26/26 MP: 4/6
  2075 | D:3      | Found a shadowy altar of Dithmenos.
  2084 | D:3      | Found a runed translucent gate.
  2085 | D:3      | Found a runed translucent gate.
  2085 | D:3      | Found a runed translucent gate.
  2085 | D:3      | Noticed soulesssniper's ghost (amateur DrFE)
  2085 | D:3      | Noticed ma3's ghost (amateur BaAM)
  2088 | D:3      | Noticed vurker's ghost (amateur FeAE)
  2088 | D:3      | Noticed Crownlay's ghost (weakling GnIE)
  2104 | D:3      | Noticed a black bear
  2183 | D:3      | Noticed a centaur
  2499 | D:3      | Found Cippedic's General Store.
  2611 | D:4      | Learned a level 2 spell: Wereblood
  2615 | D:4      | Learned a level 3 spell: Swiftness
  2645 | D:4      | Noticed a necrophage
  2733 | D:4      | Noticed Edmund
  2814 | D:4      | Upgraded the game from 0.28-a0-1159-g27aa881441 to
                  | 0.28-a0-1174-g766a6a42ef
  2959 | D:4      | Lost mutation: You have razor-sharp toenails. [demonic
                  | ancestry]
  2959 | D:4      | Lost mutation: You have sharp toenails. [demonic ancestry]
  2959 | D:4      | Gained mutation: You have hoof-like feet. [demonic
                  | ancestry]
  2959 | D:4      | Reached XP level 4. HP: 33/33 MP: 7/7
  3418 | D:4      | Found a shimmering altar of Xom.
  3626 | D:4      | Killed a necrophage
  3627 | D:4      | Reached skill level 1 in Short Blades
  3627 | D:4      | Gained mutation: You have an unusually large brain. (Int
                  | +2) [demonic ancestry]
  3627 | D:4      | Reached XP level 5. HP: 21/39 MP: 8/8
  3858 | D:4      | HP: 1/39 [poisoned by a kobold brigand]
  3859 | D:4      | Succumbed to a kobold brigand's poison

Illustrated notes

Levels and vault maps discovered:
D:1:      erik_arrival_orb_chamber, layout_basic, serial_shops,
          nicolae_shop_stone
D:2:      layout_loops_cross, serial_rivers, chequers_serial_rivers_small_a,
          chequers_serial_rivers_micro_c, chequers_serial_rivers_room_a,
          chequers_serial_rivers_large_b
D:3:      layout_loops_cross, nicolae_dithmenos_the_darkroom, serial_shops,
          shop, gammafunk_ghost_cemetery
D:4:      minmay_goblin_kobold_castle, layout_gridville,
          mainiacjoe_overflow_surrounded_room, general_overflow_altar,
          glass_columns_a, uniq_edmund

Skill      XL: |  1  2  3  4  5 |
---------------+----------------+-----
Stealth        | 1 2 |  2.0
Dodging        | 2 |  2.7
Transmutations | 2 |  2.6
Fighting       | 2 |  2.4
Short Blades   | 1 2 |  2.0
Unarmed Combat | |  2.6
Spellcasting   | |  2.0

Action                   |  1- 3 |  4- 6 || total
-------------------------+-------+-------++-------
Melee: Unarmed           |    16 |       ||    16
       Kick              |    28 |    10 ||    38
       Dagger            |   138 |    49 ||   187
       Punch             |     2 |       ||     2
       Headbutt          |    15 |     8 ||    23
Throw: Stone             |       |     8 ||     8
 Cast: Beastly Appendage |    45 |     9 ||    54
  Use: Scroll            |     6 |       ||     6
       Potion            |       |     1 ||     1
 Stab: Sleeping          |     7 |     1 ||     8
Armor: Robe              |    38 |    19 ||    57
Dodge: Dodged            |   109 |    26 ||   135
Block: Buckler           |     2 |     7 ||     9

Table legend: (Time is in decaauts)
 A = Elapsed time spent in this place.
 B = Non-inter-level travel time spent in this place.
 C = Inter-level travel time spent in this place.
 D = Time resting spent in this place.
 E = Time spent auto-exploring this place.
 F = Levels seen in this place.
 G = Mean time per level.
                   A        B        C        D        E       F      G
               +--------+--------+--------+--------+--------+-----+--------+
         Total |   3913 |   3773 |    140 |    894 |   1214 |   4 |  978.2 |
       Dungeon |   3913 |   3773 |    140 |    894 |   1214 |   4 |  978.2 |
               +--------+--------+--------+--------+--------+-----+--------+

Top non-repeatable levels by time:
     D:1: 1185 daAuts
     D:2: 972 daAuts
     D:4: 959 daAuts
     D:3: 796 daAuts
